 Seeded DCSS version 0.30-a0-218-gedb9141078 (webtiles) character file.

Game seed: 4764124470411663216 (custom seed)

5125 billz999 the Spear-Bearer (level 10, -2/70 HPs)
             Began as a Human Berserker on Oct 5, 2022.
             Was a Priest of Trog.
             Slain by a killer bee (3 damage)
             ... on level 8 of the Dungeon.
             The game lasted 00:14:53 (6169 turns).

billz999 the Spear-Bearer (Human Berserker)         Turns: 6169, Time: 00:14:54

Health: -2/70      AC:  8    Str: 20 (22) XL:     10   Next: 88%
Magic:  9/9        EV: 10    Int:  7 (8)  God:    Trog [***...]
Gold:   472        SH:  0    Dex: 12      Spells: 9/9 levels left

rFire   + . .      SeeInvis .    B - +1 trident (vamp)
rCold   . . .      Faith    .    (no shield)
rNeg    + . .      Spirit   .    o - +1 scale mail
rPois   .          Reflect  .    (no helmet)
rElec   .          Harm     .    c - +0 cloak
rCorr   .          Rampage  .    (no gloves)
Will    .....                    (no boots)
Stlth   ..........               (no amulet)
HPRegen 0.31/turn                r - ring of protection from fire
MPRegen 0.11/turn                k - ring of positive energy

@: lethally poisoned (-2 -> -16), on berserk cooldown, attractive, slowed, very
slow
A: low MP 1
a: Renounce Religion, Berserk, Trog's Hand


You were on level 8 of the Dungeon.
You worshipped Trog.
Trog was most pleased with you.
You visited 1 branch of the dungeon, and saw 8 of its levels.

You collected 472 gold pieces.

Inventory:

Hand Weapons
 a - a +0 hand axe
 q - the +9 glaive "Rugaff" {venom, rElec rC+ Str+3 SInv}
   (You found it on level 3 of the Dungeon)

   It poisons the flesh of those it strikes.
   Str:       It affects your strength (+3).
   rC:        It protects you from cold.
   rElec:     It insulates you from electricity.
   SInv:      It lets you see invisible.
 B - a +1 vampiric trident (weapon)
Missiles
 t - 6 silver javelins (quivered)
Armour
 b - a +0 animal skin
 c - a +0 cloak (worn)
 o - a +1 scale mail (worn)
 G - a +0 robe
Jewellery
 k - a ring of positive energy (right hand)
 r - a ring of protection from fire (left hand)
 A - a ring of fire
Wands
 v - a wand of mindburst (18)
 F - a wand of acid (5)
Scrolls
 d - 2 scrolls of vulnerability
 e - a scroll of enchant armour
 g - a scroll of brand weapon {unknown}
 l - a scroll of fog
 y - 2 scrolls of immolation
 C - 3 scrolls of identify
 D - a scroll of poison {unknown}
Potions
 h - 2 potions of flight
 m - a potion of attraction
 u - a potion of ambrosia {unknown}
 x - 2 potions of berserk rage {unknown}
 z - a potion of brilliance
 E - a potion of magic {unknown}


   Skills:
 - Level 3.5 Fighting
 - Level 5.9(10.9) Axes
 * Level 14.1(14.5) Polearms
 - Level 2.0 Armour
 - Level 2.0 Dodging
 - Level 0.5 Stealth


You had 9 spell levels left.
You didn't know any spells.
Your spell library was empty.

Dungeon Overview and Level Annotations

Branches:
Dungeon (8/15)             Temple (0/1) D:7
   Lair: D:8-11

Altars:
Nemelex Xobeh
Zin


Innate Abilities, Weirdness & Mutations

Your magical capacity is low. (-10% MP)


Message History

You feel sick.
Reach: B) +1 trident (vamp)
Press: ? - help, Dir - move target, f - killer bee
Aim: a killer bee (about 58% to evade your +1 vampiric trident)
You reach to attack!
You puncture the killer bee!
The killer bee is heavily wounded.
You feel sick.
You are no longer poisoned.
The killer bee stings you but does no damage.
A killer bee comes into view. x2
Reach: B) +1 trident (vamp)
Press: ? - help, Dir - move target, f/p - killer bee
Aim: a killer bee (heavily wounded, about 58% to evade your +1 vampiric trident)
You closely miss the killer bee.
The killer bee is heavily wounded.
The killer bee buzzes angrily. x2; You hear a shout! x2
The killer bee stings you but does no damage.
The killer bee stings you.
* * * LOW HITPOINT WARNING * * *
You are poisoned.
The killer bee poisons you!
Okay, then.
It was a potion of attraction.
You feel attractive to monsters.
* * * LOW HITPOINT WARNING * * *
You feel very sick. The killer bee barely misses you.
The killer bee stings you.
* * * LOW HITPOINT WARNING * * *
You are lethally poisoned!
The killer bee poisons you!
The killer bee stings you but does no damage.
It was a potion of mutation.
You feel extremely strange.
You feel less energetic.
* * * LOW HITPOINT WARNING * * *
You feel very sick. The killer bee stings you.
* * * LOW HITPOINT WARNING * * *
You are more poisoned.
The killer bee poisons you! The killer bee stings you.
You die...

..##.# .....#
.....#. .......
....... .......
########y......
.......@y......
........y.#....
..........# .
..........#
..........#
..........#
..........#
..........#


You could see 3 killer bees.

Vanquished Creatures
  A two-headed ogre (D:8)
  Pikel (D:5)
  Grinder (D:5)
  Prince Ribbit (D:5)
  A wyvern (D:8)
  A vampire mosquito (D:7)
  Eustachio (D:6)
  Duvessa (D:4)
  An ice beast (D:7)
  An orc warrior (D:7)
  2 centaurs
  4 ogres
  Blork the orc (D:5)
  2 kobold brigands
  A lemure (D:5)
  A phantom (D:4)
  2 bullfrogs
  A necrophage (D:7)
  A gnoll sergeant (D:7)
  10 scorpions
  Dowan (D:4)
  10 killer bees
  A jelly (D:7)
  A howler monkey (D:8)
  3 hounds
  7 orc priests
  4 iguanas
  6 orc wizards
  9 adders
  7 gnolls
  A shadow imp (D:5)
  2 white imps
  2 ufetubi
  2 worms
  26 orcs
  A ball python (D:3)
  4 endoplasms
  6 giant cockroaches
  9 goblins
  11 hobgoblins
  12 jackals
  5 quokkas
  7 bats
  4 frilled lizards
  8 kobolds
  4 rats
188 creatures vanquished.

Vanquished Creatures (others)
  A plant (D:6)
1 creature vanquished.

Grand Total: 189 creatures vanquished

Notes
Turn   | Place    | Note
-------+----------+-------------------------------------------
     0 | D:1      | billz999 the Human Berserker began the quest for the Orb.
     0 | D:1      | Reached XP level 1. HP: 18/18 MP: 1/1
   188 | D:1      | Reached XP level 2. HP: 23/24 MP: 2/2
   297 | D:1      | Noticed a floating eye
   300 | D:1      | Found a faded altar of an unknown god.
   302 | D:1      | Noticed a shining eye
   302 | D:1      | Noticed a floating eye
   302 | D:1      | Noticed a great orb of eyes
   601 | D:2      | Reached XP level 3. HP: 29/29 MP: 3/3
   622 | D:2      | Found a sparkling altar of Nemelex Xobeh.
  1108 | D:3      | Reached XP level 4. HP: 35/35 MP: 4/4
  1422 | D:3      | Noticed an ogre
  1428 | D:3      | Killed an ogre
  1429 | D:3      | Reached skill level 5 in Axes
  1429 | D:3      | Reached XP level 5. HP: 33/41 MP: 5/5
  1546 | D:3      | Found a glowing silver altar of Zin.
  1592 | D:3      | Reached ** piety under Trog
  1593 | D:3      | Reached XP level 6. HP: 34/47 MP: 6/6
  1600 | D:3      | Identified the +9 glaive "Rugaff" {venom, rElec rC+ Str+3
                  | SInv}
  1973 | D:4      | Reached skill level 2 in Polearms
  2048 | D:4      | Reached skill level 3 in Polearms
  2048 | D:4      | Reached XP level 7. HP: 44/52 MP: 7/7
  2378 | D:4      | Noticed Dowan
  2383 | D:4      | Killed Dowan
  2384 | D:4      | Reached skill level 4 in Polearms
  2385 | D:4      | Noticed Duvessa
  2540 | D:4      | Killed Duvessa
  2677 | D:5      | Entered Level 5 of the Dungeon
  2690 | D:5      | Noticed Grinder
  2698 | D:5      | Killed Grinder
  2699 | D:5      | Reached skill level 6 in Polearms
  2699 | D:5      | Reached XP level 8. HP: 58/58 MP: 8/8
  2864 | D:5      | Reached skill level 7 in Polearms
  3232 | D:5      | Reached skill level 8 in Polearms
  3385 | D:5      | Noticed Pikel
  3399 | D:5      | Killed Pikel
  3400 | D:5      | Reached skill level 9 in Polearms
  3400 | D:5      | Reached XP level 9. HP: 64/64 MP: 9/9
  3479 | D:5      | Noticed Blork the orc
  3486 | D:5      | Killed Blork the orc
  3520 | D:5      | Noticed Prince Ribbit
  3524 | D:5      | Killed Prince Ribbit
  3525 | D:5      | Reached skill level 10 in Polearms
  4305 | D:6      | Noticed Eustachio
  4308 | D:6      | Killed Eustachio
  4334 | D:6      | Reached skill level 11 in Polearms
  4663 | D:7      | Reached *** piety under Trog
  4751 | D:7      | Reached XP level 10. HP: 60/70 MP: 10/10
  4859 | D:7      | Found a staircase to the Ecumenical Temple.
  5101 | D:7      | Reached skill level 12 in Polearms
  5501 | D:7      | Found a runed translucent door.
  5509 | D:7      | Found a runed translucent door.
  5835 | D:7      | Reached skill level 13 in Polearms
  6121 | D:8      | Noticed a two-headed ogre
  6126 | D:8      | Killed a two-headed ogre
  6136 | D:8      | Reached skill level 14 in Polearms
  6169 | D:8      | Gained mutation: Your magical capacity is low. (-10% MP)
                  | [potion of mutation]
  6169 | D:8      | HP: 1/70 [killer bee (3)]
  6169 | D:8      | Slain by a killer bee

Illustrated notes

Levels and vault maps discovered:
D:1:      ebering_hopf_link, layout_loops_cross,
          hellmonk_ecumenical_altar_watching_god, minivault_23,
          minmay_misc_feat_secret_circle
D:2:      layout_basic, basic_altar
D:3:      layout_rooms, zin_academy
D:4:      layout_rooms, uniq_duvessa
D:5:      layout_basic, minivault_24, uniq_pikel, uniq_grinder,
          uniq_prince_ribbit1, uniq_blork_the_orc
D:6:      layout_loops_ring, serial_bayou_pond_d, uniq_eustachio
D:7:      lemuel_insect_pit, layout_basic, minmay_temple_entry_nine_rooms
D:8:      layout_basic, serial_park_tiny_2, st_stairs_10,
          hangedman_abyss_or_decor_passed,
          nicolae_concentric_dashed_squares_wild, uniq_maggie

Skill      XL: |  1  2  3  4  5  6  7  8  9 10 |
---------------+-------------------------------+-----
Axes           | 4 5 |  5.9
Polearms       | 3 6 9 11 14 | 14.1
Fighting       | |  3.5
Armour         | |  2.0
Dodging        | |  2.0
Stealth        | |  0.5

Action                   |  1- 3 |  4- 6 |  7- 9 | 10-12 || total
-------------------------+-------+-------+-------+-------++-------
Melee: Hand axe          |    85 |    60 |       |       ||   145
       Punch             |       |     1 |       |       ||     1
       Glaive            |       |    32 |   161 |    92 ||   285
       Trident           |       |       |       |    26 ||    26
Throw: Javelin           |       |       |     1 |       ||     1
Invok: Berserk           |     3 |     3 |     9 |     4 ||    19
       Trog's Hand       |       |       |     2 |     3 ||     5
  Use: Scroll            |       |       |     7 |     6 ||    13
       Potion            |       |       |       |     8 ||     8
Armor: Animal skin       |    17 |     2 |       |       ||    19
       Scale mail        |       |    21 |    52 |    66 ||   139
Dodge: Dodged            |    67 |    36 |    72 |    86 ||   261

Table legend: (Time is in decaauts)
 A = Elapsed time spent in this place.
 B = Non-inter-level travel time spent in this place.
 C = Inter-level travel time spent in this place.
 D = Time resting spent in this place.
 E = Time spent auto-exploring this place.
 F = Levels seen in this place.
 G = Mean time per level.
                   A        B        C        D        E       F      G
               +--------+--------+--------+--------+--------+-----+--------+
         Total |   6409 |   6180 |    229 |   1199 |   3818 |   8 |  801.1 |
       Dungeon |   6409 |   6180 |    229 |   1199 |   3818 |   8 |  801.1 |
               +--------+--------+--------+--------+--------+-----+--------+

Top non-repeatable levels by time:
     D:7: 1470 daAuts
     D:5: 1191 daAuts
     D:3: 947 daAuts
     D:6: 763 daAuts
     D:2: 753 daAuts
     D:4: 738 daAuts
     D:1: 430 daAuts
     D:8: 113 daAuts
